 Dungeon Crawl Stone Soup version 0.24.1 (webtiles) character file.

Game seed: 5024307053146168916, levelgen mode: deterministic

46678 Peloso the Peltast (level 14, -7/127 HPs)
             Began as a Minotaur Fighter on Apr 3, 2020.
             Was the Champion of Okawaru.
             Splashed by Maurice's acid (17 damage)
             ... on level 1 of the Orcish Mines.
             The game lasted 00:45:02 (17729 turns).

Peloso the Peltast (Minotaur Fighter)              Turns: 17729, Time: 00:45:04

Health: -7/127     AC: 18    Str: 25    XL:     14   Next: 5%
Magic:  14/14      EV: 13    Int:  5    God:    Okawaru [******]
Gold:   1406       SH: 15    Dex: 14    Spells: 13/13 levels left

rFire    + . .     SeeInvis .   a - +4 falchion
rCold    . . .     Gourm    .   c - +0 shield
rNeg     . . .     Faith    +   d - +4 plate armour {rF+}
rPois    .         Spirit   .   q - +1 hat {MR+}
rElec    .         Reflect  .   i - +2 cloak
rCorr    .         Harm     .   I - +1 pair of gloves {Dex+3}
MR       ++...                  (no boots)
Stlth    ..........             u - amulet of faith
HPRegen  0.31/turn              j - +3 ring of evasion
MPRegen  0.14/turn              (no ring)

@: corroded
A: retaliatory headbutt, horns 2
a: Heroism, Finesse, Renounce Religion


You were on level 1 of the Orcish Mines.
You worshipped Okawaru.
Okawaru was exalted by your worship.
You were not hungry.

You visited 4 branches of the dungeon, and saw 17 of its levels.
You also visited: Ice Cave.

You collected 1406 gold pieces.

Inventory:

Hand Weapons
 a - a +4 falchion (weapon)
Armour
 b - a +0 scale mail
 c - a +0 shield (worn)
 d - a +4 plate armour of fire resistance (worn)
 i - a +2 cloak (worn)
 q - a +1 hat of magic resistance (worn)
 I - a +1 pair of gloves of dexterity (worn)
Jewellery
 j - a +3 ring of evasion (left hand)
 u - an amulet of faith (around neck)
Scrolls
 e - a scroll of holy word
 g - 4 scrolls of blinking
 h - 3 scrolls of fog
 l - a scroll of noise
 m - 2 scrolls of amnesia
 n - 3 scrolls of teleportation
 o - 3 scrolls of magic mapping
 w - 2 scrolls of identify
 y - 2 scrolls of remove curse
 B - 2 scrolls of fear
Potions
 r - 3 potions of curing
 s - a potion of agility
 t - 3 potions of haste
 A - 3 potions of resistance
 H - 6 potions of might
Comestibles
 f - 26 rations


   Skills:
 + Level 12.5 Fighting
 + Level 15.7 Long Blades
 + Level 12.7 Armour
 + Level 4.5 Dodging
 + Level 1.7 Stealth
 + Level 15.7 Shields
 + Level 1.1 Invocations
   Level 2.0 Evocations


You had 13 spell levels left.
You didn't know any spells.
Your spell library contained the following spells:

 Spells                   Type           Power        Failure   Level  Hunger
 Confusing Touch          Hex            #.....       99%         1    ##.....
 Magic Dart               Conj           #...         99%         1    ##.....
 Blink                    Tloc           N/A          100%        2    ###....
 Call Imp                 Summ           #.......     100%        2    ###....
 Searing Ray              Conj           #.....       100%        2    ###....
 Slow                     Hex            #.......     100%        2    ###....
 Confuse                  Hex            #.......     100%        3    ####...
 Conjure Flame            Conj/Fire      #.......     100%        3    ####...
 Dazzling Spray           Conj/Hex       #.....       100%        3    ####...
 Gell's Gravitas          Tloc           #.........   100%        3    ####...
 Mephitic Cloud           Conj/Pois/Air  #.......     100%        3    ####...
 Force Lance              Conj/Tloc      #.......     100%        4    #####..
 Fulminant Prism          Conj/Hex       #.........   100%        4    #####..
 Iskenderun's Mystic Bla  Conj           #.......     100%        4    #####..
 Petrify                  Tmut/Erth      #.......     100%        4    #####..
 Metabolic Englaciation   Hex/Ice        #.........   100%        5    ######.
 Yara's Violent Unravell  Hex/Tmut       #.........   100%        5    ######.


Dungeon Overview and Level Annotations

Branches:
Dungeon (12/15)            Temple (1/1) D:4            Lair (3/6) D:11
 Shoals (0/4) Lair:2       Spider (0/4) Lair:3          Orc (1/2) D:9
  IceCv (visited)

Altars:
Ashenzari
Cheibriados
Dithmenos
Elyvilon
Fedhas
Gozag
Hepliaklqana
Kikubaaqudgha
Makhleb
Nemelex Xobeh
Okawaru
Qazlal
Ru
Sif Muna
Trog
Uskayaw
Vehumet
Wu Jian
Xom
Yredelemnul
Zin
The Shining One
Lugonu

Shops:
D:7 (

Annotations:
Orc:1 Maurice


Innate Abilities, Weirdness & Mutations

You reflexively headbutt those who attack you in melee.
You have a pair of horns on your head.


Message History

You hit something. You headbutt something!
You hear a zap.
A bolt of acid appears from out of thin air!
The bolt of acid hits you.
* * * LOW HITPOINT WARNING * * *
You are splashed with acid!
* * * LOW HITPOINT WARNING * * *
You feel much better.
You hear a zap.
A bolt of acid appears from out of thin air!
The bolt of acid misses you.
Unknown command.
You barely miss something. You hit something. You headbutt something.
You hear a zap.
A bolt of acid appears from out of thin air!
The bolt of acid hits you!
* * * LOW HITPOINT WARNING * * *
You are splashed with acid!
You die...

##### #.#.##
## ..... ##
##.##...# #.##
#.......##...#
##.$........#.
#.....#.......
#..@{........
#....).......
##.#†........
####........
####.........
##.##.........
#.............
##.##.........
###..#........


There were no monsters in sight!

Vanquished Creatures
  Frances (D:12)
  Gastronok (D:11)
  A frost giant (IceCv)
  An ettin (Orc:1)
  2 centaur warriors (D:12)
  5 two-headed ogres
  An ogre mage (D:11)
  Urug (D:12)
  Nergalle (D:10)
  An unseen horror (D:11)
  Pikel (D:7)
  2 ugly things (D:11)
  An orb spider (Lair:3)
  3 oklob plants
  3 merfolk sirens (Lair:2)
  2 black mambas
  An ice statue (IceCv)
  Psyche (D:9)
  A gargoyle (D:8)
  5 spiny frogs
  A rime drake (Lair:3)
  5 komodo dragons
  2 trolls
  14 polar bears (IceCv)
  A merfolk (Lair:2)
  7 blink frogs
  Prince Ribbit (D:5)
  8 hippogriffs
  A meliai zombie (D:10)
  A vampire (D:10)
  3 water elementals (D:12)
  2 wraiths
  2 humans (D:9)
  A wyvern (D:11)
  Grum (D:10)
  3 basilisks
  41 yaks
  2 hungry ghosts (D:10)
  Menkaure (D:6)
  A warg (Orc:1)
  5 porcupines
  Duvessa (D:6)
  A water moccasin (Lair:1)
  7 orc warriors
  A swamp drake (D:9)
  3 slaves (D:7)
  2 sky beasts (D:7)
  3 phantoms
  6 ice beasts
  An eye of draining (D:8)
  9 ogres
  8 crocodiles
  20 wolves
  9 centaurs
  2 big kobolds
  13 bullfrogs
  Dowan (D:6)
  A wyvern skeleton (D:12)
  4 scorpions
  18 killer bees
  13 wights
  6 electric eels
  8 howler monkeys
  8 crimson imps
  A bullfrog zombie (D:12)
  A bullfrog skeleton (D:12)
  12 orc priests
  Crazy Yiuf (D:2)
  2 centaur skeletons
  10 hounds
  7 jellies
  6 orc wizards
  Jessica (D:2)
  4 iguanas
  Ijyb (D:4)
  7 worker ants
  3 hound skeletons
  A howler monkey zombie (D:8)
  2 worker ant zombies
  A howler monkey skeleton (D:5)
  10 adders
  2 shadow imps
  6 oozes
  3 adder zombies
  An adder skeleton (D:7)
  5 worms
  3 leopard geckos
  56 orcs
  5 giant cockroaches
  7 goblins
  8 hobgoblins
  13 jackals
  9 kobolds
  A quokka (D:8)
  2 ball pythons
  A ball python skeleton (D:4)
  9 bats
  2 frilled lizards (D:1)
  9 rats
  3 fungi (Lair:1)
  A plant (D:11)
499 creatures vanquished.

Vanquished Creatures (collateral kills)
  2 centaurs (Lair:2)
2 creatures vanquished.

Vanquished Creatures (others)
  A centaur (Lair:2)
  An orc priest (D:9)
  5 orcs (D:9)
  A fungus (Lair:3)
8 creatures vanquished.

Grand Total: 509 creatures vanquished

Notes
Turn   | Place    | Note
-------+----------+-------------------------------------------
     0 | D:1      | Peloso the Minotaur Fighter began the quest for the Orb.
     0 | D:1      | Reached XP level 1. HP: 19/19 MP: 0/0
   117 | D:1      | Reached XP level 2. HP: 27/27 MP: 1/1
   599 | D:2      | Noticed Jessica
   605 | D:2      | Killed Jessica
   605 | D:2      | Reached XP level 3. HP: 26/34 MP: 2/2
   752 | D:2      | Reached XP level 4. HP: 36/41 MP: 3/3
   773 | D:2      | Found a runed translucent door.
   776 | D:2      | Noticed Crazy Yiuf
   805 | D:2      | Found a radiant altar of Vehumet.
   936 | D:2      | Found a sparkling altar of Nemelex Xobeh.
  1090 | D:2      | Killed Crazy Yiuf
  1494 | D:3      | You fall into a shaft and drop 3 floors!
  1523 | D:6      | Reached XP level 5. HP: 47/47 MP: 4/4
  1663 | D:6      | Reached skill level 5 in Long Blades
  1672 | D:6      | Reached skill level 1 in Dodging
  1672 | D:6      | Reached XP level 6. HP: 40/55 MP: 5/5
  1755 | D:5      | Entered Level 5 of the Dungeon
  1806 | D:4      | Reached skill level 5 in Shields
  1809 | D:4      | Noticed Ijyb
  1831 | D:4      | Reached skill level 5 in Fighting
  1831 | D:4      | Reached skill level 5 in Armour
  1839 | D:4      | Killed Ijyb
  1846 | D:4      | Reached XP level 7. HP: 42/61 MP: 6/6
  2341 | D:4      | Found a staircase to the Ecumenical Temple.
  2365 | Temple   | Entered the Ecumenical Temple
  3264 | D:5      | Found a snail-covered altar of Cheibriados.
  3316 | D:5      | Found a stormy altar of Qazlal.
  3361 | D:5      | Found a hazy altar of Hepliaklqana.
  3670 | D:6      | Noticed Menkaure
  3676 | D:6      | Reached XP level 8. HP: 30/69 MP: 7/7
  3869 | D:6      | Noticed Prince Ribbit
  3937 | D:5      | Killed Prince Ribbit
  4018 | D:6      | Killed Menkaure
  4487 | D:6      | Noticed Dowan
  4488 | D:6      | Noticed Duvessa
  4498 | D:6      | Killed Duvessa
  4505 | D:6      | Killed Dowan
  4693 | D:7      | Reached XP level 9. HP: 71/77 MP: 8/8
  4819 | D:7      | Reached skill level 10 in Long Blades
  4824 | D:7      | Found an ornate altar of the Wu Jian Council.
  5041 | D:7      | Found Beytsut's Antique Weapon Shop.
  5149 | D:7      | Found an opulent altar of Gozag.
  5205 | D:7      | Noticed Pikel
  5223 | D:7      | Killed Pikel
  5447 | D:7      | Found a glowing silver altar of Zin.
  5643 | D:8      | Reached XP level 10. HP: 76/86 MP: 9/9
  5722 | D:8      | Found a blossoming altar of Fedhas.
  5882 | D:8      | Noticed a gargoyle
  5905 | D:8      | Killed a gargoyle
  5907 | D:8      | You fall into a shaft and drop 1 floor!
  5907 | D:9      | Found a staircase to the Orcish Mines.
  5911 | Orc:1    | Entered Level 1 of the Orcish Mines
  6854 | D:9      | Reached skill level 10 in Shields
  6855 | D:9      | Noticed a two-headed ogre
  7371 | D:9      | Killed a two-headed ogre
  7371 | D:9      | Reached skill level 1 in Stealth
  7423 | D:9      | Noticed Psyche
  7433 | D:9      | Killed Psyche
  7635 | D:9      | Found an iron altar of Okawaru.
  7641 | D:9      | Became a worshipper of Warmaster Okawaru
  7650 | D:9      | Reached XP level 11. HP: 95/95 MP: 10/10
  7983 | D:10     | Entered Level 10 of the Dungeon
  7983 | D:10     | Noticed a two-headed ogre
  7995 | D:10     | Killed a two-headed ogre
  7995 | D:10     | Reached * piety under Okawaru
  8088 | D:10     | Noticed Nergalle
  8115 | D:10     | Killed Nergalle
  8115 | D:10     | Reached ** piety under Okawaru
  8454 | D:10     | Noticed a two-headed ogre
  8488 | D:10     | Killed a two-headed ogre
  9086 | D:10     | Noticed Grum
  9101 | D:10     | Reached *** piety under Okawaru
  9112 | D:10     | Killed Grum
  9380 | D:11     | Noticed an ogre mage
  9380 | D:11     | Noticed a two-headed ogre
  9382 | D:11     | Noticed a two-headed ogre
  9409 | D:11     | Killed an ogre mage
  9417 | D:11     | Killed a two-headed ogre
  9417 | D:11     | Reached **** piety under Okawaru
  9431 | D:11     | Killed a two-headed ogre
  9755 | D:11     | Noticed a cyan ugly thing
  9788 | D:11     | Killed a cyan ugly thing
  9804 | D:11     | Found a staircase to the Lair.
  9804 | D:11     | Noticed an oklob plant
  9806 | D:11     | Noticed an oklob plant
  9841 | D:11     | Reached XP level 12. HP: 75/105 MP: 11/11
  9846 | D:11     | Reached skill level 10 in Armour
  9851 | D:11     | Reached ***** piety under Okawaru
  9916 | D:11     | Noticed Gastronok
  9934 | D:11     | Killed Gastronok
 10132 | D:11     | Received a gift from Okawaru
 10134 | D:11     | Reached skill level 10 in Fighting
 10979 | D:12     | Noticed a centaur warrior
 10980 | D:12     | Noticed a centaur warrior
 10980 | D:12     | Noticed Frances
 11008 | D:12     | Killed a centaur warrior
 11030 | D:12     | Killed Frances
 11036 | D:12     | Killed a centaur warrior
 11036 | D:12     | Reached skill level 1 in Invocations
 11179 | D:12     | Noticed Urug
 11198 | D:12     | Killed Urug
 11229 | D:12     | Found a corrupted altar of Lugonu.
 11410 | D:12     | Reached skill level 1 in Evocations
 12454 | Lair:1   | Entered Level 1 of the Lair of Beasts
 12526 | Lair:1   | Received a gift from Okawaru
 12548 | Lair:1   | Reached XP level 13. HP: 116/116 MP: 13/13
 12917 | Lair:1   | Reached skill level 15 in Long Blades
 13476 | Lair:2   | Found a frozen archway.
 13483 | IceCv    | Entered an ice cave
 14219 | IceCv    | Noticed a frost giant
 14261 | IceCv    | Killed a frost giant
 14261 | IceCv    | Reached ****** piety under Okawaru
 14306 | IceCv    | Received a gift from Okawaru
 14483 | IceCv    | Found the cursed +13 scythe of Curses {drain, *Curse}
 15014 | Lair:2   | Found an ancient bone altar of Kikubaaqudgha.
 15041 | Lair:2   | Reached skill level 15 in Shields
 15096 | Lair:2   | Found a staircase to the Shoals.
 15707 | Lair:3   | Found a hole to the Spider Nest.
 16238 | Lair:3   | Reached XP level 14. HP: 122/127 MP: 14/14
 17701 | Orc:1    | Noticed Maurice
 17726 | Orc:1    | HP: 5/127 [acid (11)]
 17729 | Orc:1    | Splashed by Maurice's acid

Levels and vault maps discovered:
D:1:      ncdulo_lavacross, layout_basic
D:2:      layout_basic, old_standard_altar, vehumet_crystals, uniq_jessica,
          uniq_crazy_yiuf_cottage
D:3:      layout_loops_ring, first_ration
D:4:      layout_basic, temple_fountains, uniq_ijyb
D:5:      layout_rooms, nicolae_qazlal_general_emergency, lemuel_round_altar,
          minivault_23, glass_columns_a, cheibriados_altar_1
D:6:      layout_loops_ring, uniq_duvessa, uniq_menkaure, uniq_prince_ribbit1
D:7:      layout_cave_pools, lemuel_round_altar, grunt_gozag_statues,
          zin_scriptorium, serial_shops, shop, minmay_misc_feat_rugged,
          uniq_pikel
D:8:      layout_basic, fedhas_altar_4
D:9:      layout_cave_pools, okawaru_humans, erik_orc_1, uniq_psyche
D:10:     layout_irregular_city, hangedman_little_slice_of_home, uniq_nergalle,
          uniq_grum
D:11:     layout_loops_ring, dpeg_oklobed_lair, uniq_gastronok
D:12:     minmay_bloctagon_deflated, layout_basic, tgw_lugonu_bribe,
          uniq_frances, uniq_urug
Temple:   nicolae_temple_figure_eight
Lair:1:   layout_regular_city, beast_lair_carwin_11, serial_bayou_shore_b,
          infiniplex_staircase_pool_2
Lair:2:   layout_misc_corridors, elwin_shoals_entry_stream,
          portal_ice_cave_entry_pillars_1, lemuel_centaur_altar,
          serial_bayou_shore_b
Lair:3:   layout_small_grid, nicolae_spider_entry_orb_guardian,
          grunt_megastairs_5, lemuel_fruit_fields
Orc:1:    layout_caves, uniq_maurice

Skill      XL: |  1  2  3  4  5  6  7  8  9 10 11 12 13 |
---------------+----------------------------------------+-----
Fighting       | 4 5 6 7 8 9 11 12 | 12.5
Armour         | 4 5 6 7 8 9 11 12 | 12.7
Long Blades    | 3 4 5 6 7 9 11 12 14 15 | 15.7
Shields        | 4 5 6 7 9 10 12 14 15 | 15.7
Dodging        | 1 2 3 4 |  4.5
Stealth        | 1 |  1.7
Invocations    | 1 |  1.1
Evocations     | 1 2 |  2.0

Action                   |  1- 3 |  4- 6 |  7- 9 | 10-12 | 13-15 || total
-------------------------+-------+-------+-------+-------+-------++-------
Melee: Long sword        |    56 |    84 |       |       |       ||   140
       Headbutt          |     7 |    20 |    83 |   281 |   220 ||   611
       Falchion          |       |    34 |   347 |   970 |   617 ||  1968
Invok: Heroism           |       |       |       |     9 |     3 ||    12
Evoke: Wand              |       |       |       |    10 |     2 ||    12
  Use: Potion            |     1 |     3 |     3 |     6 |     3 ||    16
       Scroll            |       |       |       |     9 |    10 ||    19
 Stab: Confused          |       |       |       |     1 |       ||     1
  Eat: Chunk             |       |     3 |     9 |    22 |    15 ||    49
       Ration            |       |       |     1 |     1 |     1 ||     3
Armor: Chain mail        |    32 |    80 |    83 |       |       ||   195
       Plate armour      |       |       |    85 |   341 |   222 ||   648
Dodge: Dodged            |    28 |    47 |   143 |   302 |   213 ||   733
Block: Shield            |    29 |    57 |   189 |   519 |   405 ||  1199
       Rpst.: Long sword |     9 |     2 |       |       |       ||    11
       Falchion          |       |     4 |    43 |    69 |    49 ||   165
